 Dungeon Crawl Stone Soup version 0.24-a0-537-g2d01d4a (console) character file.

Game seed: 7700078673611294970

235 vegansnacktivist the Chopper (level 5, -5/46 HPs)
             Began as a Deep Dwarf Fighter on Aug 16, 2019.
             Slain by an iguana (10 damage)
             ... on level 4 of the Dungeon.
             The game lasted 00:03:29 (1660 turns).

vegansnacktivist the Chopper (Deep Dwarf Fighter)   Turns: 1660, Time: 00:03:30

Health: -5/46      AC:  6    Str: 21    XL:     5   Next: 76%
Magic:  4/4        EV:  7    Int: 14    God:
Gold:   161        SH:  9    Dex: 12    Spells: 4/4 levels left

rFire    . . .     SeeInvis .   a - +0 war axe
rCold    . . .     Gourm    .   c - +0 shield
rNeg     . . .     Faith    .   b - +0 scale mail
rPois    .         Spirit   .   (no helmet)
rElec    .         Reflect  .   (no cloak)
rCorr    .         Harm     .   (no gloves)
MR       .....                  (no boots)
Stlth    ..........             l - amulet of magic regeneration
HPRegen  0.00/turn              h - +6 ring of intelligence
MPRegen  0.34/turn              (no ring)

@: non-regenerating
A: damage resistance, heal wounds, sense surroundings 1, no regeneration
a: Heal Wounds


You were on level 4 of the Dungeon.
You were not hungry.

You visited 1 branch of the dungeon, and saw 4 of its levels.

You collected 161 gold pieces.

Inventory:

Hand Weapons
 a - a +0 war axe (weapon)
Missiles
 g - 2 atropa-tipped darts
 k - 8 poisoned darts (quivered)
Armour
 b - a +0 scale mail (worn)
 c - a +0 shield (worn)
Jewellery
 h - a +6 ring of intelligence (left hand)
 l - an amulet of magic regeneration (around neck)
Scrolls
 e - a scroll of enchant weapon {unknown}
 j - a scroll of identify {unknown}
 n - a scroll of teleportation {unknown}
Potions
 d - a potion of might
 i - a potion of lignification {unknown}
 o - a potion of berserk rage {unknown}
Comestibles
 f - 4 rations
 m - 3 chunks of flesh


   Skills:
 - Level 2.6 Fighting
 + Level 6.7 Axes
 - Level 3.2 Armour
 - Level 3.2 Shields


You had 4 spell levels left.
You didn't know any spells.
Your spell library was empty.

Dungeon Overview and Level Annotations

Branches:
Dungeon (4/15)
 Temple: D:4-7

Altars:
Okawaru


Innate Abilities, Weirdness & Mutations

You are resistant to damage.
You can heal yourself by infusing magical energy.
You passively map a small area around you.
You do not regenerate.


Message History

You are too injured to fight recklessly!
You are too injured to fight recklessly!
You are too injured to fight recklessly!
You are too injured to fight recklessly!
You are too injured to fight recklessly!
You are too injured to fight recklessly!
There are monsters nearby!
The iguana bites you.
You hit the iguana but do no damage. You block the iguana's attack.
You hit the iguana but do no damage. The iguana bites you.
Your shield prevents you from hitting the iguana.
The iguana bites you but does no damage.
You hit the iguana but do no damage. You block the iguana's attack.
The iguana bites you!
* * * LOW HITPOINT WARNING * * *
You closely miss the iguana. The iguana barely misses you.
You slash the iguana!
The iguana is severely wounded.
The iguana bites you!
You die...

* ###.####+##..# , , ,
+............# , , ,, ,
#...........>. + , **
#######..##...##.. * ,
######...###..##...#####
,
............(..#..!....#
...............+J.$....(.
#.##..#######.##l########
#.##..##.####.##@# ,
...........#...........#
...........#............
...........#............
##...###.####.##.####+##
##...###.####+###### *
#[....#........#...#, , *
'))...#........+...#
##...##..##...##..# ,


You could see an iguana and an ooze.

Vanquished Creatures
  A jelly (D:2)
  An orc priest (D:2)
  An orc wizard (D:4)
  Terence (D:2)
  A worker ant (D:4)
  2 adders (D:2)
  A worm (D:2)
  3 leopard geckos
  7 orcs
  A ball python (D:2)
  A giant cockroach (D:2)
  11 goblins
  7 hobgoblins
  5 jackals (D:2)
  8 kobolds
  2 quokkas
  3 bats
  A frilled lizard (D:1)
  7 rats
64 creatures vanquished.

Notes
Turn   | Place    | Note
-------+----------+-------------------------------------------
     0 | D:1      | vegansnacktivist the Deep Dwarf Fighter began the quest for
                  | the Orb.
     0 | D:1      | Reached XP level 1. HP: 20/20 MP: 1/1
   118 | D:1      | Reached skill level 3 in Axes
   177 | D:1      | Reached XP level 2. HP: 27/27 MP: 2/2
   572 | D:2      | Reached skill level 4 in Axes
   572 | D:2      | Reached XP level 3. HP: 26/33 MP: 3/3
   577 | D:2      | Found an iron altar of Okawaru.
   613 | D:2      | Noticed Terence
   620 | D:2      | Killed Terence
   624 | D:2      | Reached XP level 4. HP: 31/40 MP: 4/4
   822 | D:2      | Reached skill level 5 in Axes
  1369 | D:3      | Noticed an orc warrior
  1386 | D:2      | Reached skill level 6 in Axes
  1386 | D:2      | Reached XP level 5. HP: 41/46 MP: 4/4
  1660 | D:4      | Slain by an iguana

Levels and vault maps discovered:
D:1:      dpeg_arrival_ternary, layout_basic
D:2:      layout_basic, marbit_many_paths, minmay_goblin_outpost, uniq_terence
D:3:      layout_basic, corexii_corridor_pit
D:4:      layout_gridville, first_ration

Skill      XL: |  1  2  3  4 |
---------------+-------------+-----
Axes           | 3 4 6 |  6.7
Fighting       | |  2.6
Armour         | |  3.2
Shields        | |  3.2

Action                   |  1- 3 |  4- 6 || total
-------------------------+-------+-------++-------
Melee: Hand axe          |    11 |       ||    11
       War axe           |    50 |   154 ||   204
Throw: Dart              |       |     4 ||     4
 Abil: Heal Wounds       |       |     1 ||     1
  Use: Scroll            |     2 |       ||     2
  Eat: Chunk             |       |     3 ||     3
Armor: Scale mail        |    24 |    53 ||    77
Dodge: Dodged            |    18 |    40 ||    58
Block: Shield            |    37 |    89 ||   126

Table legend:
 A = Non-vault XP
 B = Vault XP
 C = Vault XP percentage of total XP
 D = Non-vault monster count
 E = Vault monster count
 F = Vault count percentage of total count
                 A         B        C        D         E       F
            +---------+---------+-------+---------+---------+-------
      Total |     272 |      64 |  19.0 |      56 |       8 |  12.5
            +---------+---------+-------+---------+---------+-------
        D:1 |      22 |       0 |   0.0 |      15 |       0 |   0.0
        D:2 |     141 |      64 |  31.2 |      25 |       8 |  24.2
        D:3 |      10 |       0 |   0.0 |       6 |       0 |   0.0
        D:4 |      99 |       0 |   0.0 |      10 |       0 |   0.0
            +---------+---------+-------+---------+---------+-------
